Selects Air and Sea Battlegroup
Construct Section Command Post
Construct Platoon Command Post
Unlock M3 Stuart Light Tanks
Selects Commando Section Paradrop
Selects M1 Pack Howitzer Paradrop
M1 Pack Howitzer Paradrop
6-pounder Anti-tank Gun Team
Construct Company Command Post
Selects Incendiary Bombing Run
Selects Centaur Medium Tank
Selects Naval Bombardment
Construct Section Command Post
Unlock Towed 17-pounder Anti-tank Guns
17-pounder Anti-tank Gun Team